Map: Pylon LE

Players

Solar

  • Race: Zerg Zerg
  • Spawn Location: 11:00

Classic - Winner!

  • Race: Protoss Protoss
  • Spawn Location: 5:00

Event: Esports World Cup 2025

VOD

Have the link to the VOD?

Description

Time

  • Played on: July 25, 2025, 9:15 a.m.
  • Length: 12:12

All games in this series

Show
View Real Time Build Order
Export as new Build Order

Solar Zerg 

Build Orders: Hatch First 

Get SALT Encoding   

  12  0:00  Drone  
  13  0:07  Drone  
  14  0:14  Extractor, Drone  
  15  0:22  Overlord  
  15  0:41  Drone  
  16  0:43  Drone  
  16  0:47  Drone  
  18  0:52  Hatchery  
  18  0:56  Drone  
  18  1:01  Extractor  
  17  1:10  Spawning Pool  
  16  1:14  Drone  
  16  1:18  Drone  
  18  1:26  Drone  
  19  1:37  Drone  
  20  1:48  Overlord  
  20  1:57  Queen  
  22  2:04  Queen, Zergling x4  
  26  2:09  Drone  
  26  2:12  Metabolic Boost  
  26  2:15  Drone  
  28  2:20  Drone  
  29  2:26  Drone  
  30  2:35  Hatchery  
  29  2:37  Zergling x2  
  30  2:45  Queen  
  30  2:50  Overlord  
  32  2:53  Drone  
  32  2:54  Drone  
  32  2:57  Zergling x2  
  35  3:00  Drone  
  36  3:10  Zergling x2  
  36  3:12  Queen  
  39  3:14  Drone x2  
  39  3:18  Overlord  
  39  3:19  Drone  
  42  3:23  Drone  
  42  3:25  Drone  
  44  3:34  Spore Crawler  
  44  3:35  Queen, Drone  
  44  3:39  Drone x2  
  44  3:41  Drone  
  49  3:46  Drone x2  
  50  3:50  Spore Crawler  
  50  3:53  Queen  
  50  3:55  Drone  
  52  3:57  Drone  
  52  3:59  Drone  
  52  4:02  Overlord  
  54  4:06  Drone x2  
  56  4:10  Zergling x2  
  56  4:11  Overlord  
  56  4:13  Overlord  
  57  4:23  Drone x6  
  63  4:26  Drone  
  63  4:30  Overlord  
  64  4:32  Drone x3  
  67  4:45  Roach Warren  
  66  4:46  Lair  
  66  4:47  Extractor  
  66  4:48  Drone x3  
  66  4:50  Drone x2  
  70  4:54  Drone  
  70  4:57  Drone x4  
  75  5:00  Drone  
  75  5:01  Overlord  
  75  5:03  Zergling x4  
  75  5:06  Extractor x2, Zergling x4  
  78  5:10  Overlord  
  78  5:11  Overlord  
  78  5:17  Drone  
  78  5:20  Hatchery  
  78  5:27  Roach x5  
  88  5:30  Roach x2  
  88  5:33  Roach  
  88  5:35  Zergling x4  
  96  5:40  Overlord  
  96  5:42  Roach x2, Evolution Chamber  
  99  5:46  Roach x2  
  102  5:50  Overlord x2  
  102  5:52  Zergling x2  
  102  5:56  Glial Reconstitution  
  103  5:58  Zergling x6  
  103  6:01  Ravager x2  
  103  6:03  Zergling x6  
  111  6:05  Roach  
  111  6:07  Zergling x2  
  114  6:11  Drone x2  
  115  6:19  Ravager, Drone x2  
  115  6:20  Overlord  
  115  6:22  Roach x2  
  122  6:28  Roach x3  
  122  6:29  Zergling x4  
  122  6:31  Zergling x10  
  122  6:32  Zergling x2  
  133  6:34  Pneumatized Carapace  
  133  6:38  Overlord x2  
  131  6:44  Ravager  
  131  6:45  Zergling x6  
  135  6:50  Overlord  
  135  6:52  Ravager x2  
  137  6:55  Overlord x3  
  137  6:56  Zergling x4  
  137  6:57  Zergling x2  
  140  7:06  Zergling x16  
  147  7:12  Roach x2  
  147  7:13  Roach, Zergling x2  
  151  7:17  Zergling x4  
  153  7:23  Zergling x4, Roach x3  
  158  7:30  Ravager x2  
  158  7:31  Zergling x2  
  158  7:32  Zergling x4  
  158  7:34  Ravager  
  166  7:37  Roach  
  166  7:39  Zergling x8  
  166  7:40  Overlord  
  166  7:44  Zergling x4  
  172  7:50  Roach x3  
  167  7:54  Roach x4  
  167  7:58  Zergling x10  
  146  8:05  Roach x2  
  146  8:07  Zergling x4  
  146  8:10  Roach  
  133  8:15  Roach x2  
  133  8:16  Queen  
  133  8:18  Roach x3  
  135  8:21  Zergling x4  
  135  8:22  Queen x2  
  135  8:25  Roach  
  135  8:26  Zergling x2  
  137  8:30  Zergling x8  
  137  8:32  Zergling x2  
  133  8:34  Roach  
  133  8:36  Zergling x6  
  133  8:40  Roach  
  133  8:45  Roach  
  133  8:47  Overlord  
  130  8:50  Roach x3  
  130  8:51  Zergling x6  
  130  8:54  Ravager x3  
  141  8:56  Zergling x4  
  141  8:59  Ravager  
  141  9:02  Zergling x8  
  148  9:05  Zergling x2  
  148  9:06  Zergling x4  
  148  9:08  Roach  
  153  9:11  Overlord  
  153  9:15  Roach x2  
  157  9:19  Roach  
  157  9:21  Drone  
  159  9:25  Roach x2  
  159  9:29  Zergling x8  
  160  9:34  Roach x6  
  160  9:37  Roach  
  168  9:40  Zergling x4  
  170  9:45  Ravager  
  170  9:48  Overlord  
  170  9:49  Ravager  
  170  9:51  Zergling x6  
  175  9:53  Queen  
  175  9:57  Zergling x6  
  182  10:00  Roach  
  182  10:05  Roach  
  182  10:06  Overlord  
  184  10:07  Roach  
  184  10:10  Drone  
  184  10:11  Drone  
  184  10:13  Drone  
  184  10:14  Drone  
  190  10:17  Roach x3  
  190  10:19  Zergling x6  
  190  10:21  Hatchery, Zergling x2  
  198  10:31  Zergling x4  
  200  10:38  Roach x2  
  200  10:42  Roach x2  
  196  10:45  Zergling x2  
  196  10:46  Zergling x20  
  192  10:51  Roach x2  
  192  10:56  Roach x6  
  178  10:59  Roach  
  178  11:03  Roach x2  
Show
View Real Time Build Order
Export as new Build Order

Classic Protoss - Winner!

Build Orders: 1 Gate Expand, Oracle Opening 

Get SALT Encoding   

  12  0:00  Probe  
  13  0:13  Pylon  
  13  0:14  Probe  
  14  0:22  Probe  
  15  0:32  Probe  
  16  0:41  Gateway  
  16  0:44  Probe  
  17  0:50  Assimilator  
  17  0:56  Probe  
  18  1:08  Probe  
  19  1:20  Probe  
  20  1:27  Nexus  
  20  1:36  Cybernetics Core  
  20  1:39  Probe  
  21  1:46  Assimilator  
  21  1:51  Probe  
  21  1:53  Pylon  
  22  2:02  Adept  
  22  2:03  Probe  
  23  2:15  Probe  
  26  2:20  Stargate  
  26  2:27  Probe  
  26  2:29  Warp Gate  
  27  2:33  Adept  
  27  2:36  Probe x2  
  29  2:44  Probe x2  
  33  2:53  Oracle  
  33  2:54  Probe x2  
  38  3:06  Probe x2  
  38  3:09  Pylon  
  40  3:18  Gateway, Probe x2  
  42  3:22  Oracle  
  42  3:30  Probe x2  
  47  3:42  Probe x2  
  49  3:48  Nexus  
  49  3:51  Pylon  
  49  3:54  Probe  
  49  3:55  Probe  
  51  3:59  Twilight Council  
  51  4:03  Assimilator  
  51  4:05  Assimilator  
  51  4:07  Pylon  
  51  4:09  Probe  
  52  4:10  Probe  
  53  4:17  Stalker  
  53  4:18  Blink  
  53  4:19  Adept  
  57  4:27  Gateway  
  57  4:28  Probe x2  
  59  4:45  Probe x2  
  59  4:52  Gateway x2  
  61  4:55  Gateway, Forge, Probe x2  
  61  4:56  Probe  
  63  5:03  Probe x2  
  63  5:04  Probe  
  66  5:12  Shield Battery, Probe x2  
  67  5:14  Probe  
  70  5:22  Stalker x2  
  70  5:25  Pylon  
  70  5:27  Probe x2  
  76  5:31  Stalker  
  76  5:34  Pylon  
  78  5:40  Probe x3  
  78  5:41  Protoss Ground Weapons Level 1  
  78  5:42  Templar Archives  
  81  5:45  Stalker  
  83  5:52  Stalker x2  
  83  5:53  Stalker  
  83  5:54  Stalker  
  91  6:01  Stalker  
  91  6:03  Assimilator  
  93  6:05  Assimilator  
  91  6:12  Pylon, Probe  
  91  6:14  Probe  
  91  6:15  Probe  
  91  6:18  Stalker x3  
  98  6:20  Psionic Storm  
  100  6:32  Stalker  
  101  6:37  Probe x3  
  103  6:42  Pylon  
  103  6:43  Pylon, High Templar  
  103  6:45  Pylon  
  105  6:54  Gateway  
  105  6:55  High Templar x2  
  105  6:57  Gateway  
  105  6:59  Pylon  
  109  7:05  Stalker x3  
  115  7:13  Shield Battery  
  115  7:14  Photon Cannon  
  115  7:16  High Templar  
  115  7:18  Photon Cannon  
  117  7:27  Probe x3  
  116  7:32  Stalker x5  
  116  7:36  Shield Battery  
  126  7:39  Photon Cannon  
  126  7:42  Robotics Facility  
  126  7:51  Stalker  
  126  7:56  Stalker x2  
  118  8:01  Stalker x3  
  109  8:13  Stalker x2  
  109  8:15  Stalker  
  111  8:20  Probe x3  
  111  8:23  Pylon, Immortal  
  114  8:32  Probe x3  
  117  8:34  High Templar x2  
  123  8:43  Protoss Ground Weapons Level 2  
  123  8:46  Stalker x4  
  123  8:47  Zealot x2  
  131  8:51  Pylon  
  131  8:54  Immortal  
  135  9:05  Nexus  
  135  9:07  Pylon  
  135  9:19  High Templar x2  
  135  9:22  Zealot x6  
  151  9:28  Immortal  
  147  9:42  Charge  
  147  9:46  High Templar x2  
  147  9:47  Zealot x4  
  147  9:50  Pylon  
  147  9:52  Pylon  
  159  9:56  Stalker x2  
  159  9:59  Immortal  
  163  10:14  Pylon  
  167  10:15  Pylon  
  167  10:17  Pylon  
  167  10:19  Nexus  
  167  10:22  Pylon, Stalker x3  
  167  10:25  Pylon  
  173  10:35  Stalker x4  
  173  10:36  Stalker  
  173  10:38  Observer  
  171  10:50  Stalker x3  
  160  10:59  Stalker x4  
  160  11:04  Stalker  
Tags
 
Add a new tag
Caveats
  • Supply blocks, unpowered buildings, or Contaminate may cause inaccurate times.
  • Supply counts are checked every 10 seconds.